 Dungeon Crawl Stone Soup version 0.24-a0-459-g225fefd530 (webtiles) character file.

Game seed: 13791914765538520002

109 Azzok the Shield-Bearer (level 4, -3/42 HPs)
             Began as a Deep Dwarf Fighter on June 29, 2019.
             Was an Initiate of Makhleb.
             Slain by Grinder (5 damage)
             ... while paralysed by Grinder
             ... on level 3 of the Dungeon.
             The game lasted 00:02:54 (1569 turns).

Azzok the Shield-Bearer (Deep Dwarf Fighter)        Turns: 1569, Time: 00:02:54

Health: -3/42      AC:  7    Str: 21    XL:     4   Next: 60%
Magic:  4/4        EV:  2    Int:  8    God:    Makhleb [......]
Gold:   119        SH:  0    Dex: 12    Spells: 3/3 levels left

rFire    . . .     SeeInvis .   a - +1 flail
rCold    . . .     Gourm    .   c - +0 shield
rNeg     . . .     Faith    .   b - +0 scale mail
rPois    .         Spirit   .   (no helmet)
rElec    .         Reflect  .   (no cloak)
rCorr    .         Harm     .   (no gloves)
MR       .....                  (no boots)
Stlth    ..........             (no amulet)
HPRegen  0.00/turn              (no ring)
MPRegen  0.09/turn              (no ring)

@: paralysed, non-regenerating
A: damage resistance, heal wounds, sense surroundings 1, no regeneration
a: Heal Wounds, Renounce Religion


You were on level 3 of the Dungeon.
You worshipped Makhleb.
Makhleb was noncommittal.
You were not hungry.

You visited 1 branch of the dungeon, and saw 3 of its levels.

You collected 119 gold pieces.

Inventory:

Hand Weapons
 a - a +1 flail (weapon)
Armour
 b - a +0 scale mail (worn)
 c - a +0 shield (worn)
Scrolls
 h - a scroll of enchant weapon
 j - 3 scrolls of remove curse
 k - a scroll of teleportation
 l - a scroll of identify {unknown}
 o - a scroll of fear {unknown}
Potions
 d - 2 potions of might
 e - a potion of haste {unknown}
 g - a potion of degeneration {unknown}
 i - 2 potions of lignification {unknown}
 m - a potion of curing {unknown}
 p - a potion of berserk rage {unknown}
Comestibles
 f - 3 rations


   Skills:
 + Level 3.2 Fighting
 * Level 3.4 Maces & Flails
 + Level 4.0 Armour
 + Level 4.0 Shields


You had 3 spell levels left.
You didn't know any spells.
Your spell library contained the following spells:

 Spells                   Type           Power        Failure   Level  Hunger
 Magic Dart               Conj           #...         99%         1    ##.....
 Blink                    Tloc           N/A          100%        2    ###....
 Call Imp                 Summ           #.......     100%        2    ###....
 Slow                     Hex            #.......     100%        2    ###....
 Conjure Flame            Conj/Fire      #.......     100%        3    ####...
 Mephitic Cloud           Conj/Pois/Air  #.......     100%        3    ####...


Dungeon Overview and Level Annotations

Branches:
Dungeon (3/15)

Altars:
Makhleb

Annotations:
D:3 Grinder


Innate Abilities, Weirdness & Mutations

You are resistant to damage.
You can heal yourself by infusing magical energy.
You passively map a small area around you.
You do not regenerate.


Message History

Grinder is severely wounded.
Grinder hits you but does no damage.
You barely miss Grinder.
Grinder is severely wounded.
Grinder gestures at you.
You suddenly lose the ability to move!
Grinder gestures at you. Pain shoots through your body!
* * * LOW HITPOINT WARNING * * *
Grinder hits you.
* * * LOW HITPOINT WARNING * * *
You writhe in agony.
Grinder hits you.
* * * LOW HITPOINT WARNING * * *
You writhe in agony.
* * * LOW HITPOINT WARNING * * *
Grinder hits you.
* * * LOW HITPOINT WARNING * * *
You writhe in agony.
You die...

◦ ◦ ▒·░◦ ◦ ◦
▒·▒▒▒▒ ◦ ◦
▒·▒··▒ ░ ░ ◦ ◦
◦ ◦ ▒·▒··▒ ░◦ ◦
◦ ▒·▒··▒ ░ ◦ ◦
▒·◦··▒◦▒░ ░ ░
▒·▒·▒▒·▒·▒▒▒ ◦
░ ◦
░╬▒···†@5····▒◦
·······▒▒▒▒▒▒▒▒
░ ░ ······· ◦ ◦
◦ ░ ·······
··?··▒> ◦
·····▒▒ ░ ····
◦ ◦ ◦····


You could see Grinder.

Vanquished Creatures
  A hound (D:2)
  A gnoll (D:1)
  An adder (D:2)
  An ooze (D:1)
  2 worms (D:2)
  2 dart slugs
  A leopard gecko (D:1)
  3 giant cockroaches (D:1)
  2 goblins (D:1)
  4 hobgoblins
  4 jackals (D:1)
  8 kobolds
  A ball python (D:2)
  6 bats
  4 frilled lizards
  11 rats
52 creatures vanquished.

Notes
Turn   | Place    | Note
-------+----------+-------------------------------------------
     0 | D:1      | Azzok the Deep Dwarf Fighter began the quest for the Orb.
     0 | D:1      | Reached XP level 1. HP: 20/20 MP: 1/1
    54 | D:1      | Reached XP level 2. HP: 13/27 MP: 2/2
   317 | D:1      | Reached XP level 3. HP: 11/33 MP: 3/3
  1108 | D:2      | Reached XP level 4. HP: 7/42 MP: 4/4
  1210 | D:2      | Found a burning altar of Makhleb.
  1224 | D:2      | Became a worshipper of Makhleb the Destroyer
  1537 | D:3      | Noticed Grinder
  1557 | D:3      | Paralysed by Grinder for 5 turns
  1565 | D:3      | Paralysed by Grinder for 5 turns
  1569 | D:3      | HP: 2/42 [Grinder (1)]
  1569 | D:3      | Slain by Grinder

Levels and vault maps discovered:
D:1:      scummos_arrival_checkerplants, layout_rooms, grunt_decor_resistance,
          minivault_25
D:2:      layout_loops_corners, makhleb_blood_cavern_becter
D:3:      layout_basic, uniq_grinder

Skill      XL: |  1  2  3  4 |
---------------+-------------+-----
Fighting       | 3 |  3.2
Maces & Flails | 3 |  3.4
Shields        | 4 |  4.0
Armour         | 4 |  4.0

Action                   |  1- 3 |  4- 6 || total
-------------------------+-------+-------++-------
Melee: Flail             |   135 |    34 ||   169
 Abil: Heal Wounds       |     1 |     1 ||     2
  Use: Scroll            |     4 |       ||     4
  Eat: Chunk             |     1 |     1 ||     2
Armor: Scale mail        |    75 |    10 ||    85
Dodge: Dodged            |    42 |    10 ||    52
Block: Shield            |    85 |    12 ||    97

Table legend:
 A = Non-vault XP
 B = Vault XP
 C = Vault XP percentage of total XP
 D = Non-vault monster count
 E = Vault monster count
 F = Vault count percentage of total count
                 A         B        C        D         E       F
            +---------+---------+-------+---------+---------+-------
      Total |     115 |      42 |  26.8 |      51 |       1 |   1.9
            +---------+---------+-------+---------+---------+-------
        D:1 |      69 |       0 |   0.0 |      32 |       0 |   0.0
        D:2 |      42 |      42 |  50.0 |      16 |       1 |   5.9
        D:3 |       4 |       0 |   0.0 |       3 |       0 |   0.0
            +---------+---------+-------+---------+---------+-------
